 Dungeon Crawl Stone Soup version 0.22.1-1-ga44c0e5 (webtiles) character file.

57953 topirishpotato the Severer (level 14, -38/126 HPs)
             Began as a Deep Dwarf Monk on Sept 26, 2018.
             Was an Elder of Elyvilon.
             Annihilated by an orc warlord
             ... wielding a +1 long sword of flaming
              (41 damage)
             ... on level 2 of the Orcish Mines.
             The game lasted 01:01:41 (15430 turns).

topirishpotato the Severer (Deep Dwarf Monk)       Turns: 15430, Time: 01:01:46

Health: -38/126    AC: 17    Str: 17    XL:     14   Next: 47%
Magic:  8/8        EV: 28    Int:  9    God:    Elyvilon [****..]
Gold:   1065       SH:  4    Dex: 20    Spells: 13/13 levels left

rFire    + + .     SeeInvis .   l - +2 broad axe (freeze)
rCold    . . .     Gourm    +   (no shield)
rNeg     + . .     Faith    .   D - +0 scale mail of Perpetual Drought {-Cast rElec rF++ Stlth+}
rPois    .         Spirit   .   Q - +2 helmet
rElec    +         Reflect  .   a - +2 cloak
rCorr    .         Harm     .   t - +0 pair of gloves
MR       ++...     NoCast   +   O - +0 pair of boots
Stlth    +++++.....             q - amulet of the gourmand
HPRegen  0.00/turn              K - ring of Phasing {EV+8}
MPRegen  0.11/turn              h - +4 ring of evasion

@: non-regenerating
A: damage resistance, heal wounds, large bone plates 1, agile 1, dopey 1,
negative energy resistance 1, sense surroundings 2, no regeneration
a: Heal Wounds, Lesser Healing, Heal Other, Purification, Greater Healing,
Divine Protection, Renounce Religion


You were on level 2 of the Orcish Mines.
You worshipped Elyvilon.
Elyvilon was greatly pleased with you.
You were not hungry.

You visited 3 branches of the dungeon, and saw 18 of its levels.
You also visited: Labyrinth, Ossuary and Bailey.

You collected 1065 gold pieces.

Inventory:

Hand Weapons
 l - a +2 broad axe of freezing (weapon)
 v - the +7 hunting sling "Ziock" {venom, rElec MR- Dex+4}
   (You found it on level 15 of the Dungeon)

   It poisons the ammo it fires.
   It affects your dexterity (+4).
   It insulates you from electricity.
   It affects your resistance to hostile enchantments.
 F - a +2 demon trident of electrocution
Missiles
 b - 28 tomahawks of returning (quivered)
 w - 5 javelins of returning
 J - 430 stones
 M - 75 sling bullets
 N - 8 tomahawks
 S - 32 poisoned needles
 T - 13 bolts
Armour
 a - a +2 cloak (worn)
 t - a +0 pair of gloves (worn)
 y - a +3 plate armour
 D - the +0 scale mail of Perpetual Drought (worn) {-Cast rElec rF++ Stlth+}
   (You found it on level 14 of the Dungeon)

   It greatly protects you from fire.
   It insulates you from electricity.
   It prevents spellcasting.
   It makes you more stealthy.
 O - a +0 pair of boots (worn)
 Q - a +2 helmet (worn)
Jewellery
 f - an uncursed ring of protection from cold
 h - a +4 ring of evasion (right hand)
 q - an amulet of the gourmand (around neck)
 A - an uncursed ring of resist corrosion
 E - an uncursed ring of protection from fire
 K - the ring of Phasing (left hand) {EV+8}
   (You found it in a labyrinth)

   [ring of evasion]

   It affects your evasion (+8).
 P - an uncursed ring of flight
Wands
 p - a wand of polymorph (4)
 r - a wand of flame (52)
 L - a wand of paralysis (18)
 R - a wand of iceblast (3)
Scrolls
 m - 8 scrolls of remove curse
 n - a scroll of identify
 o - 3 scrolls of amnesia
 u - 8 scrolls of teleportation
 C - a scroll of magic mapping
 H - a scroll of blinking
 I - a scroll of fear
Potions
 d - 8 potions of curing
 e - a potion of magic
 g - 2 potions of brilliance
 i - 5 potions of heal wounds
 j - 5 potions of flight
 k - a potion of resistance
 s - a potion of berserk rage
 z - a potion of ambrosia
 B - a potion of mutation
Miscellaneous
 x - a phantom mirror
Comestibles
 c - 20 rations


   Skills:
 - Level 8.0 Fighting
 - Level 18.0 Axes
 - Level 1.3(10.5) Polearms
 + Level 1.7(2.1) Slings
 - Level 1.3(1.6) Throwing
 + Level 8.5 Armour
 + Level 8.7 Dodging
 - Level 11.2 Stealth
 - Level 8.0 Invocations
 - Level 8.3 Evocations


You had 13 spell levels left.
You didn't know any spells.
Your spell library contained the following spells:

 Spells                   Type           Power        Failure   Level  Hunger
 Confusing Touch          Hex            #.....       75%         1    ##.....
 Corona                   Hex            #......      75%         1    ##.....
 Flame Tongue             Conj/Fire      #....        75%         1    ##.....
 Freeze                   Ice            #...         75%         1    ##.....
 Summon Small Mammal      Summ           #...         75%         1    ##.....
 Call Imp                 Summ           #.......     86%         2    ###....
 Slow                     Hex            #.......     86%         2    ###....
 Throw Flame              Conj/Fire      #.....       86%         2    ###....
 Throw Frost              Conj/Ice       #.....       86%         2    ###....
 Call Canine Familiar     Summ           #.......     98%         3    ####...
 Confuse                  Hex            #.......     98%         3    ####...
 Conjure Flame            Conj/Fire      #.......     98%         3    ####...
 Gell's Gravitas          Tloc           #.........   98%         3    ####...
 Inner Flame              Hex/Fire       #.......     98%         3    ####...
 Ozocubu's Armour         Chrm/Ice       #.......     98%         3    ####...
 Portal Projectile        Hex/Tloc       #.....       98%         3    ####...
 Summon Guardian Golem    Hex/Summ       #.......     98%         3    ####...
 Cause Fear               Hex            #.........   100%        4    #####..
 Iskenderun's Mystic Bla  Conj           #.......     100%        4    #####..
 Leda's Liquefaction      Hex/Erth       #.........   100%        4    #####..
 Petrify                  Tmut/Erth      #.......     100%        4    #####..
 Sticky Flame             Conj/Fire      #.......     100%        4    #####..
 Summon Ice Beast         Ice/Summ       #.......     100%        4    #####..
 Summon Lightning Spire   Summ/Air       #.......     100%        4    #####..
 Throw Icicle             Conj/Ice       #.......     100%        4    #####..
 Bolt of Magma            Conj/Fire/Erth #.........   100%        5    ######.
 Fireball                 Conj/Fire      #.........   100%        5    ######.
 Iskenderun's Battlesphe  Conj/Chrm      #.......     100%        5    ######.
 Metabolic Englaciation   Hex/Ice        #.........   100%        5    ######.
 Venom Bolt               Conj/Pois      #.........   100%        5    ######.
 Yara's Violent Unravell  Hex/Tmut       #.........   100%        5    ######.
 Freezing Cloud           Conj/Ice/Air   #.........   100%        6    #######
 Iron Shot                Conj/Erth      #.........   100%        6    #######
 Orb of Destruction       Conj           #.........   100%        7    #######
 Spellforged Servitor     Conj/Summ      #.........   100%        7    #######


Dungeon Overview and Level Annotations

Branches:
Dungeon (15/15)            Temple (1/1) D:6            Lair (0/6) D:10
    Orc (2/2) D:10         Vaults (0/5) D:13         Depths (0/5) D:15
    Elf: Orc:2

Altars:
Ashenzari
Cheibriados
Dithmenos
Elyvilon
Fedhas
Gozag
Kikubaaqudgha
Okawaru
Qazlal
Ru
Sif Muna
Trog
Vehumet
Wu Jian
Xom
Yredelemnul
Zin


Innate Abilities, Weirdness & Mutations

You are resistant to damage.
You can heal yourself by infusing magical energy.
You resist negative energy. (rN+)
You passively map the area around you.
You do not regenerate.
You are partially covered in large bone plates. (SH +4)
You are agile. (Dex +2)
You are dopey. (Int -2)


Message History

Reactivating autopickup.
The orc wizard miscasts a cantrip.
The orc warrior barely misses you.
The orc high priest utters an invocation to Beogh.
The orc high priest is healed somewhat.
The orc warlord roars a battlecry!
The orc warrior goes into a battle-frenzy!
You hit the orc high priest but do no damage.
The orc high priest is severely wounded.
The orc warlord blocks your attack.
You slash the orc knight! You freeze the orc knight.
You block the red devil's attack.
An orc wizard comes into view. It is wielding a dagger.
The orc knight hits you with a battleaxe!!
* * * LOW HITPOINT WARNING * * *
The orc priest mumbles some strange prayers to Beogh against you.
Beogh smites you!
* * * LOW HITPOINT WARNING * * *
The orc warrior misses you. The orc high priest misses you.
The orc warlord hits you with a long sword of flaming!!!
You die...

.........#* .ooo.... ........##
#########.o...###
.......##*##*####.##..#o.........
......#.##.##.##.........).......
......##.......#.5o.....)(.......
...........##.###o3o.....(.......
≈≈≈.......##.####oo5.)o...(......
##≈....#.#....#.#ooo5[)((.(......
#≈....#........@oooo).$.........
,#≈........#...)#ooo.)...........
#≈..#.#.##....###4...$..........
#≈.#######(..##.................
#≈.,* *##.##..................
,+. , ###....#.............. ,,,
...###........... , , ...
..........., ,*≈ , ..*
..........,, ,


You could see an orc warlord, an orc knight, an orc high priest, a neqoxec, a
red devil, 5 orc warriors, an iron imp, 2 orc priests, 5 orc wizards, a white
imp, a shadow imp and 2 orcs.

Vanquished Creatures
  Frances (D:14)
  An orc warlord (Bailey)
  4 vault guards
  3 hydras (D:14)
  Erica (D:10)
  3 centaur warriors
  4 two-headed ogres
  A vampire mage (D:15)
  2 tengu warriors
  Urug (D:12)
  2 skeletal warriors (D:15)
  2 unseen horrors
  A spark wasp zombie (D:15)
  A necromancer (D:15)
  3 orc knights
  A manticore (D:13)
  A deep elf mage (D:14)
  An ugly thing (D:11)
  A cyclops (D:13)
  2 orc sorcerers (Orc:2)
  5 molten gargoyles (D:12)
  A spriggan skeleton (D:15)
  4 rime drakes (D:14)
  A komodo dragon (D:12)
  3 efreet
  8 trolls
  The ghost of gangsines the Skirmisher, an amateur DsFi (D:4)
  5 slime creatures (D:12)
  A hornet (D:7)
  10 hippogriffs
  2 spriggan zombies (D:15)
  Sigmund (D:4)
  A water elemental (D:14)
  10 wyverns
  9 yaks (D:14)
  A shadow (D:15)
  A wraith (D:11)
  A vampire mosquito (D:12)
  4 hungry ghosts
  5 basilisks (D:14)
  4 wargs
  A water moccasin (D:9)
  2 sky beasts
  2 eyes of draining
  3 ice beasts
  2 phantoms
  A black bear (D:12)
  16 orc warriors
  5 ogres
  4 boggarts (D:15)
  10 centaurs
  A crocodile (D:9)
  A big kobold (D:9)
  12 bullfrogs
  Blork the orc (D:6)
  A wyvern skeleton (D:11)
  7 scorpions
  8 wights
  5 killer bees (D:7)
  2 centaur zombies
  6 hounds
  A lava snake (D:12)
  2 quasits
  5 crimson imps
  5 jellies
  20 orc wizards
  8 orc priests
  6 centaur skeletons
  2 bullfrog skeletons
  Ijyb (D:3)
  5 iguanas
  10 worker ants
  A hound zombie (D:6)
  2 hound skeletons
  3 mummies (Ossuary)
  Robin (D:3)
  A howler monkey skeleton (D:7)
  2 gnolls (Bailey)
  13 adders
  3 shadow imps
  An ooze (D:1)
  4 adder zombies (Ossuary)
  2 worms (D:2)
  4 dart slugs
  4 leopard geckos
  66 orcs
  3 bats (D:1)
  5 giant cockroaches
  A gnoll zombie (Ossuary)
  23 goblins
  18 hobgoblins
  12 jackals
  4 quokkas
  2 ball pythons
  7 frilled lizards
  2 goblin zombies (Ossuary)
  7 hobgoblin zombies (Ossuary)
  27 kobolds
  A kobold zombie (Ossuary)
  A quokka skeleton (D:10)
  A quokka zombie (Ossuary)
  7 rats
  2 rat zombies (Ossuary)
499 creatures vanquished.

Vanquished Creatures (collateral kills)
  A hobgoblin (Bailey)
1 creature vanquished.

Vanquished Creatures (others)
  A centaur skeleton (D:15)
  A crimson imp (D:15)
  An orc wizard (D:11)
  2 withered plants (D:4)
5 creatures vanquished.

Grand Total: 505 creatures vanquished

Notes
Turn   | Place    | Note
-------+----------+-------------------------------------------
     0 | D:1      | topirishpotato the Deep Dwarf Monk began the quest for the
                  | Orb.
     0 | D:1      | Reached XP level 1. HP: 20/20 MP: 1/1
   147 | D:1      | Reached XP level 2. HP: 25/27 MP: 2/2
   692 | D:2      | Reached XP level 3. HP: 28/33 MP: 3/3
   746 | D:2      | Reached skill level 4 in Axes
   945 | D:2      | Reached skill level 1 in Armour
  1108 | D:2      | Reached XP level 4. HP: 36/42 MP: 3/3
  1428 | D:3      | Noticed Robin
  1447 | D:3      | Killed Robin
  1456 | D:3      | Reached XP level 5. HP: 46/49 MP: 4/4
  1642 | D:3      | Noticed Ijyb
  1650 | D:3      | Killed Ijyb
  2004 | D:3      | Found a deep blue altar of Sif Muna.
  2103 | D:4      | Noticed Sigmund
  2123 | D:4      | Killed Sigmund
  2123 | D:4      | Reached XP level 6. HP: 25/56 MP: 5/5
  2432 | D:4      | Found a runed door.
  2434 | D:4      | Noticed gangsines's ghost (amateur DsFi)
  2739 | D:5      | Entered Level 5 of the Dungeon
  2792 | D:5      | Reached XP level 7. HP: 52/62 MP: 5/5
  3211 | D:5      | Found a stormy altar of Qazlal.
  3374 | D:6      | Noticed Blork the orc
  3435 | D:6      | Killed Blork the orc
  3445 | D:6      | Found a staircase to the Ecumenical Temple.
  3451 | Temple   | Entered the Ecumenical Temple
  3465 | Temple   | Became a worshipper of Elyvilon the Healer
  3465 | Temple   | Reached * piety under Elyvilon
  3465 | Temple   | Reached ** piety under Elyvilon
  3498 | D:6      | Reached skill level 5 in Axes
  3498 | D:6      | Reached XP level 8. HP: 7/69 MP: 4/7
  3680 | D:6      | Reached skill level 1 in Invocations
  3713 | D:6      | Reached skill level 6 in Axes
  3844 | D:6      | Found a bloodstained altar of Trog.
  3925 | D:6      | Reached skill level 5 in Dodging
  3967 | D:6      | Found a sand-covered staircase.
  3975 | Ossuary  | Entered an ossuary
  4660 | D:7      | Reached skill level 7 in Axes
  4746 | D:7      | Noticed a hornet
  4750 | D:7      | Paralysed by a hornet for 2 turns
  4761 | D:7      | Killed a hornet
  4761 | D:7      | Reached skill level 8 in Axes
  4907 | D:7      | Gained mutation: You passively map the area around you.
                  | [Deep Dwarf growth]
  4907 | D:7      | Reached XP level 9. HP: 52/75 MP: 8/8
  5354 | D:8      | Reached *** piety under Elyvilon
  5677 | D:8      | Noticed a troll
  5688 | D:8      | Killed a troll
  6007 | D:9      | Reached skill level 5 in Evocations
  6093 | D:9      | Reached **** piety under Elyvilon
  6198 | D:9      | Reached skill level 5 in Invocations
  6914 | D:10     | Entered Level 10 of the Dungeon
  7003 | D:10     | Found a staircase to the Lair.
  7035 | D:10     | Noticed Erica
  7059 | D:10     | Killed Erica
  7059 | D:10     | Reached XP level 10. HP: 55/87 MP: 11/11
  7140 | D:10     | Found a staircase to the Orcish Mines.
  7424 | D:10     | Identified Futaup's Reference Book on Attacks
  7534 | D:11     | Reached skill level 5 in Fighting
  7603 | D:11     | Found a flagged portal.
  7629 | Bailey   | Entered a bailey
  7635 | Bailey   | Noticed an orc warlord
  7802 | Bailey   | Found a runed gate.
  7804 | Bailey   | Found a runed gate.
  7805 | Bailey   | Found a runed gate.
  8078 | Bailey   | Killed an orc warlord
  8562 | D:11     | Noticed a cyan ugly thing
  8580 | D:11     | Killed a cyan ugly thing
  8744 | D:11     | Reached XP level 11. HP: 103/103 MP: 11/11
  8826 | D:11     | Noticed a two-headed ogre
  8841 | D:11     | Killed a two-headed ogre
  8841 | D:11     | Reached skill level 9 in Axes
  9104 | D:12     | Noticed a two-headed ogre
  9113 | D:12     | Killed a two-headed ogre
  9264 | D:12     | Noticed Urug
  9270 | D:12     | Killed Urug
  9270 | D:12     | Reached skill level 10 in Axes
  9427 | D:12     | Reached skill level 11 in Axes
  9498 | D:12     | Reached skill level 12 in Axes
  9732 | D:12     | Noticed a two-headed ogre
  9740 | D:12     | Killed a two-headed ogre
  9978 | D:13     | Reached skill level 13 in Axes
 10078 | D:13     | Found a gate to the Vaults.
 10078 | D:13     | Noticed a vault guard
 10078 | D:13     | Noticed a vault guard
 10078 | D:13     | Noticed a vault guard
 10078 | D:13     | Noticed a vault guard
 10078 | D:13     | Noticed a centaur warrior
 10141 | D:12     | Killed a vault guard
 10141 | D:12     | Reached XP level 12. HP: 42/110 MP: 9/11
 10172 | D:12     | Killed a vault guard
 10197 | D:13     | Killed a centaur warrior
 10202 | D:13     | Reached XP level 13. HP: 37/117 MP: 7/11
 10203 | D:13     | Gained mutation: You are dopey. (Int -2) [potion of
                  | mutation]
 10203 | D:13     | Gained mutation: You are agile. (Dex +2) [potion of
                  | mutation]
 10203 | D:13     | Gained mutation: You are partially covered in large bone
                  | plates. (SH +4) [potion of mutation]
 10219 | D:12     | Reached skill level 14 in Axes
 10460 | D:13     | Identified a scroll of acquirement
 11187 | D:14     | Reached skill level 15 in Axes
 11288 | D:14     | Noticed Frances
 11319 | D:14     | Killed Frances
 11386 | D:14     | Found a snail-covered altar of Cheibriados.
 11522 | D:14     | Got a warped scale mail
 11533 | D:14     | Identified the cursed +0 scale mail of Perpetual Drought
                  | {-Cast rElec rF++ Stlth+} (You found it on level 14 of the
                  | Dungeon)
 11679 | D:14     | Reached skill level 16 in Axes
 11784 | D:14     | Reached skill level 17 in Axes
 11802 | D:14     | Gained mutation: You resist negative energy. (rN+) [Deep
                  | Dwarf growth]
 11802 | D:14     | Reached XP level 14. HP: 44/126 MP: 11/11
 12088 | D:15     | Entered Level 15 of the Dungeon
 12088 | D:15     | Found a labyrinth entrance.
 12093 | Lab      | Entered a labyrinth
 12275 | Lab      | Found the ring of Phasing {EV+8}
 12275 | Lab      | Got a heavily jewelled robe
 12463 | D:14     | Identified the cursed +0 robe of Liberty {Slay+3} (You
                  | found it in a labyrinth)
 12670 | D:15     | Got a fine hunting sling
 12859 | D:15     | Reached skill level 18 in Axes
 12919 | D:15     | Identified the +7 hunting sling "Ziock" {venom, rElec MR-
                  | Dex+4} (You found it on level 15 of the Dungeon)
 13110 | D:15     | Found a staircase to the Depths.
 13136 | D:15     | Reached skill level 1 in Slings
 13138 | D:15     | Reached skill level 1 in Polearms
 13138 | D:15     | Reached skill level 1 in Throwing
 14202 | D:4      | Killed gangsines's ghost
 15009 | D:3      | Identified Sif Muna's Grimoire of Beguiling
 15137 | Orc:1    | Entered Level 1 of the Orcish Mines
 15264 | Orc:2    | Entered Level 2 of the Orcish Mines
 15375 | Orc:2    | Noticed an orc warlord
 15430 | Orc:2    | HP: 3/126 [orc priest/divine providence (11)]
 15430 | Orc:2    | Annihilated by an orc warlord

Skill      XL: |  1  2  3  4  5  6  7  8  9 10 11 12 13 14 |
---------------+-------------------------------------------+-----
Fighting       | 3 4 7 8 |  8.0
Axes           | 4 5 8 13 17 18 | 18.0
Dodging        | 4 6 8 |  8.7
Stealth        | 3 4 11 | 11.2
Armour         | 1 3 6 7 8 |  8.5
Evocations     | 4 7 8 |  8.3
Invocations    | 2 6 8 |  8.0
Slings         | 1 |  1.7
Polearms       | 1 |  1.3
Throwing       | 1 |  1.3

Action                   |  1- 3 |  4- 6 |  7- 9 | 10-12 | 13-15 || total
-------------------------+-------+-------+-------+-------+-------++-------
Melee: Hand axe          |   135 |   240 |   462 |   231 |       ||  1068
       Unarmed           |       |     5 |       |       |       ||     5
       War axe           |       |       |   233 |       |       ||   233
       Broad axe         |       |       |       |   421 |   583 ||  1004
 Fire: Hunting sling     |       |       |       |       |     3 ||     3
Invok: Lesser Healing    |       |       |    42 |    94 |    83 ||   219
 Abil: Heal Wounds       |     4 |     4 |    14 |    26 |     6 ||    54
Evoke: Wand              |       |       |       |    17 |    25 ||    42
       Phantom mirror    |       |       |       |       |     3 ||     3
       Box of beasts     |       |       |       |       |     1 ||     1
  Use: Scroll            |     4 |     3 |     8 |     6 |    14 ||    35
       Potion            |       |       |       |     7 |    10 ||    17
 Stab: Sleeping          |     5 |     5 |    10 |     3 |     6 ||    29
       Distracted        |       |       |     1 |       |     2 ||     3
       Paralysed         |       |       |       |       |     5 ||     5
  Eat: Chunk             |       |     6 |    18 |    27 |    23 ||    74
       Ration            |       |       |     1 |     2 |     5 ||     8
Armor: Ring mail         |       |    46 |   185 |   191 |    34 ||   456
       Scale mail        |       |       |       |       |   119 ||   119
Dodge: Dodged            |   112 |   209 |   712 |   696 |   659 ||  2388
Block: Other             |       |       |       |       |   112 ||   112
